 Dungeon Crawl Stone Soup version 0.21.0-24-g2553a33 (webtiles) character file.

2436 Monsterracer the Carver (level 9, -4/69 HPs)
             Began as a Vampire Abyssal Knight on Jan 20, 2018.
             Was a High Priest of Lugonu.
             Slain by a death yak (16 damage)
             ... on level 7 of the Dungeon.
             The game lasted 00:17:24 (8330 turns).

Monsterracer the Carver (Vampire Abyssal Knight)    Turns: 8330, Time: 00:17:25

Health: -4/69      AC: 11    Str: 11    XL:     9   Next: 24%
Magic:  12/12      EV: 15    Int: 18    God:    Lugonu [*****.]
Gold:   119        SH:  0    Dex: 15    Spells: 6/8 levels left

rFire    . . .     SeeInvis +   a - +2 falchion
rCold    . . .     Gourm    .   (no shield)
rNeg     . . .     Faith    +   b - +1 leather armour
rPois    +         Spirit   .   e - +0 helmet
rElec    +         Reflect  .   u - +1 cloak
rCorr    .         Harm     .   h - +1 pair of gloves
MR       .....                  t - +1 pair of boots
Stlth    ++........             r - amulet of faith
HPRegen  0.41/turn              o - +4 ring of intelligence
MPRegen  0.13/turn              (no ring)

@: regenerating quickly
A: fangs 3, see invisible, clumsy 1, poison resistance, electricity resistance,
unbreathing
a: Depart the Abyss, Bend Space, Banish, Corrupt, Enter the Abyss, Renounce
Religion


You were on level 7 of the Dungeon.
You worshipped Lugonu.
Lugonu was extremely pleased with you.
You were full.

You visited 1 branch of the dungeon, and saw 8 of its levels.
You visited the Abyss 1 time.
You also visited: Sewer.

You collected 418 gold pieces.
You spent 299 gold pieces at shops.

Inventory:

Hand Weapons
 a - a +2 falchion (weapon)
Missiles
 n - 2 throwing nets (quivered)
Armour
 b - a +1 leather armour (worn)
 e - a +0 helmet (worn)
 h - a +1 pair of gloves (worn)
 t - a +1 pair of boots (worn)
 u - a +1 cloak (worn)
Jewellery
 o - a +4 ring of intelligence (left hand)
 r - an amulet of faith (around neck)
Wands
 l - a wand of flame (76)
 m - a wand of clouds (4)
 p - a wand of random effects (5)
Scrolls
 c - 2 scrolls of remove curse
 i - 6 scrolls of teleportation
 w - a scroll of enchant weapon
Potions
 d - 12 potions of blood
 f - 5 potions of curing
 g - a potion of ambrosia {!q}
 j - 4 potions of flight
 k - a potion of heal wounds
 q - 4 potions of mutation {!q}
 s - 2 potions of resistance
 v - a potion of lignification
 z - 2 potions of brilliance
 A - a potion of agility


   Skills:
 + Level 5.8 Fighting
 * Level 9.0 Long Blades
 - Level 0.7 Armour
 + Level 6.1 Dodging
 + Level 1.2 Stealth
 + Level 4.1 Invocations


You had 6 spell levels left.
You knew the following spells:

 Your Spells              Type           Power        Failure   Level  Hunger
x - Passwall              Tmut/Erth      #.........   41%         2    ###....


Dungeon Overview and Level Annotations

Branches:
Dungeon (8/15)             Temple (0/1) D:5            Lair (0/6) D:8

Altars:
Cheibriados
Dithmenos
Kikubaaqudgha
Okawaru
Ru
Xom

Shops:
D:5 [   D:6 [


Innate Abilities, Weirdness & Mutations

Your natural rate of healing is unusually fast.
You have razor-sharp teeth.
You have supernaturally acute eyesight. (SInv)
You can survive without breathing.
You are clumsy. (Dex -2)
Your system is resistant to poisons. (rPois)
You are resistant to electric shocks. (rElec)


Message History

No target in view!
Key pressed, stopping explore.
No target in view!
No target in view!
You see here a thin runed staff.
You see here a thin runed staff.
Done exploring.
No target in view!
Done exploring.
Done exploring.
Done exploring.
There is an escape hatch in the floor here.
There is a stone staircase leading down here.
You climb downwards.
There is a stone staircase leading up here.
No target in view!
No target in view!
No target in view!
You open the door.
A death yak comes into view.
The death yak bellows!
Found a stone staircase leading up.
There is an open door here.
A death yak is nearby!
A death yak is nearby!
A death yak is nearby!
A death yak comes into view.
The death yak bellows!
You hear a deafening roar!
Found a staircase to the Lair.
A quokka comes into view.
There are monsters nearby!
You hit the death yak.
The death yak is lightly wounded.
There is an open door here.
There is a stone staircase leading up here.
The death yak gores you!!
You climb upwards.
There is a stone staircase leading down here.
You take 20 damage, and have 49/69 hp.
MASSIVE DAMAGE!!
You hit the death yak.
The death yak is lightly wounded.
The death yak gores you but does no damage.
The death yak gores you!
You take 11 damage, and have 38/69 hp.
Press: ? - help, Shift-Dir - straight line, f - death yak
Aim: a death yak (chance to defeat MR: 19%)
Okay, then.
Evoke which item? (* to show all) (? for menu, Esc to quit)
Aiming: Random Effects
Press: ? - help, Shift-Dir - straight line, f - death yak
Aim: a death yak The death yak twists and deforms.
The death yak gores you!
* * * LOW HITPOINT WARNING * * *
You take 17 damage, and have 24/69 hp.
MASSIVE DAMAGE!!
Evoke which item? (* to show all) (? for menu, Esc to quit)
That's the wrong kind of item! (Use * to select it.) Evoke which item? (* to show all) (? for menu, Esc to quit)
Aiming: Random Effects
Press: ? - help, Shift-Dir - straight line, f/p - death yak
Aim: a death yak (misshapen and mutated)
The bolt of poison hits the death yak.
The death yak is lightly wounded.
The death yak gores you.
* * * LOW HITPOINT WARNING * * *
You take 5 damage, and have 19/69 hp.
Evoke which item? (* to show all) (? for menu, Esc to quit)
Aiming: Cloud Cone
Press: ? - help, Dir - move target cursor, f/p - death yak
Aim: a death yak (lightly wounded, misshapen and mutated)
You create a blast of noxious fumes!
The death yak is engulfed in noxious fumes.
The death yak appears confused.
The death yak gores you!
* * * LOW HITPOINT WARNING * * *
You take 9 damage, and have 10/69 hp.
You hit the death yak.
The death yak is moderately wounded.
The death yak is engulfed in noxious fumes.
The death yak appears confused.
You slash the death yak!
The death yak is moderately wounded.
You barely miss the death yak.
The death yak is moderately wounded.
The death yak is engulfed in noxious fumes.
The death yak appears confused.
The death yak is engulfed in noxious fumes.
The death yak appears confused.
The death yak is engulfed in noxious fumes.
The death yak completely misses you.
You riposte.
You hit the death yak.
The death yak is heavily wounded.
You slash the death yak!
The death yak is heavily wounded.
The death yak is engulfed in noxious fumes.
The death yak barely misses you.
You riposte.
You slash the death yak! You bite the death yak.
The death yak is severely wounded.
You hit the death yak.
The death yak is severely wounded.
The death yak is engulfed in noxious fumes.
The death yak appears confused.
The death yak gores you!
You die...

#.....# #.......#####.# #.....#
#..........##.# #..#..#
#######.##.##.# #.....#
#.......# ###.....## ##.#.##.#
#........# #.......# #..##.#..#
##.#.####
####..##.#..#########.#.########
#.............§@Y§....#.##......
#.##....##..#####§......##.##.#.
##........#..# ##.########.##(#.
...._........# #...# #.##...
##.........### #>..# #.###..
##....8....# #...# #.###..
...........# #...# #......
##...).._.## #...# ##.....
#.)......#######...########.#..#


You could see a death yak (confused).

Vanquished Creatures
  Grinder (D:4)
  Edmund (D:5)
  Duvessa (D:4)
  A water moccasin (D:7)
  2 sky beasts
  3 ice beasts
  An ogre (D:4)
  A centaur (D:5)
  Blork the orc (D:6)
  Dowan (D:4)
  A scorpion (D:7)
  2 howler monkeys (D:6)
  2 crimson imps (D:5)
  A centaur skeleton (D:7)
  2 jellies
  A bullfrog skeleton (D:7)
  4 hounds
  2 orc priests
  2 orc wizards (D:4)
  2 iguanas
  Natasha (thrice) (D:2)
  4 worker ants
  A merfolk siren (Sewer)
  A merfolk avatar (Sewer)
  A killer bee zombie (D:7)
  A hound zombie (D:6)
  4 gnolls
  5 adders
  3 river rats (Sewer)
  A shadow imp (D:7)
  3 oozes
  An adder skeleton (D:4)
  5 dart slugs
  8 leopard geckos
  14 orcs
  7 bats
  8 giant cockroaches
  9 goblins
  7 hobgoblins
  17 jackals
  3 quokkas
  7 ball pythons
  9 frilled lizards
  14 kobolds
  A leopard gecko zombie (D:6)
  4 quokka skeletons
  A quokka zombie (D:6)
  30 rats
204 creatures vanquished.

Notes
Turn   | Place    | Note
-------+----------+-------------------------------------------
     0 | Abyss:1  | Monsterracer the Vampire Abyssal Knight began the quest for the Orb.
     0 | Abyss:1  | Reached XP level 1. HP: 17/17 MP: 2/2
    36 | D:1      | Escaped the Abyss
    69 | D:1      | HP: 8/17 [kobold (2)]
   296 | D:1      | Reached XP level 2. HP: 21/23 MP: 3/3
   350 | D:1      | Reached skill level 3 in Long Blades
   436 | D:1      | Reached ** piety under Lugonu
   549 | D:1      | Reached XP level 3. HP: 27/28 MP: 4/4
   981 | D:2      | Noticed Natasha
  1030 | D:2      | Killed Natasha
  1030 | D:2      | Reached skill level 4 in Long Blades
  1030 | D:2      | Reached XP level 4. HP: 33/34 MP: 5/5
  1099 | D:2      | Found a snail-covered altar of Cheibriados.
  1136 | D:2      | Noticed Natasha
  1136 | D:2      | Found an ancient bone altar of Kikubaaqudgha.
  1147 | D:2      | Killed Natasha
  1286 | D:1      | HP: 12/35 [gnoll/halberd (11)]
  1364 | D:2      | HP: 17/35 [gnoll/spear (9)]
  1367 | D:1      | HP: 6/35 [gnoll/whip (8)]
  1464 | D:2      | Reached XP level 5. HP: 33/41 MP: 6/6
  1573 | D:2      | Noticed Natasha
  1602 | D:2      | HP: 17/41 [Natasha (4)]
  1606 | D:2      | Killed Natasha
  1606 | D:2      | Reached skill level 5 in Long Blades
  1770 | D:2      | HP: 18/41 [ooze (4)]
  1772 | D:2      | Reached *** piety under Lugonu
  1776 | D:2      | HP: 17/41 [poisoned by an adder]
  1783 | D:2      | HP: 17/41 [poisoned by an adder]
  1791 | D:2      | HP: 18/41 [poisoned by an adder]
  2537 | D:3      | Found a sacrificial altar of Ru.
  2599 | D:3      | Reached XP level 6. HP: 30/47 MP: 7/7
  3195 | D:3      | Reached **** piety under Lugonu
  3513 | D:4      | Noticed Grinder
  3521 | D:4      | Paralysed by Grinder for 2 turns
  3543 | D:4      | Gained mutation: You are resistant to electric shocks. (rElec) [potion of mutation]
  3543 | D:4      | Gained mutation: You are clumsy. (Dex -2) [potion of mutation]
  3543 | D:4      | Gained mutation: Your system is resistant to poisons. (rPois) [potion of mutation]
  3557 | D:4      | HP: 21/48 [Grinder (7)]
  3558 | D:4      | Killed Grinder
  3558 | D:4      | Reached skill level 6 in Long Blades
  3558 | D:4      | Reached XP level 7. HP: 22/54 MP: 8/8
  3601 | D:4      | Found a glowing drain.
  3605 | Sewer    | Entered a sewer
  3952 | Sewer    | Reached ***** piety under Lugonu
  4357 | D:4      | Learned a level 2 spell: Passwall
  4386 | D:4      | Got a smoking hand axe
  4597 | D:4      | Noticed Dowan
  4599 | D:4      | Noticed Duvessa
  4848 | D:4      | HP: 27/55 [Duvessa/short sword (1)]
  4864 | D:4      | HP: 23/55 [Duvessa/short sword (7)]
  4869 | D:4      | Killed Duvessa
  4869 | D:4      | Reached skill level 7 in Long Blades
  5005 | D:4      | Killed Dowan
  5038 | D:5      | Entered Level 5 of the Dungeon
  5056 | D:5      | Reached XP level 8. HP: 45/61 MP: 9/9
  5153 | D:5      | Found a staircase to the Ecumenical Temple.
  5393 | D:5      | Found Asentaov's Antique Armour Shop.
  5429 | D:5      | HP: 28/61 [acid (4)]
  5484 | D:5      | HP: 25/61 [acid (6)]
  5722 | D:5      | Reached skill level 5 in Fighting
  5786 | D:5      | Reached skill level 5 in Dodging
  5813 | D:5      | Noticed Edmund
  6088 | D:5      | Bought a pair of glowing boots for 187 gold pieces
  6361 | D:5      | Killed Edmund
  6361 | D:5      | Reached skill level 8 in Long Blades
  6399 | D:6      | Noticed Blork the orc
  6411 | D:6      | Killed Blork the orc
  6478 | D:6      | HP: 30/62 [jelly (2)]
  6649 | D:6      | HP: 31/62 [ice beast (9)]
  6928 | D:6      | Found Ucinov's Antique Armour Boutique.
  7012 | D:5      | Bought a cloak for 112 gold pieces
  7328 | D:6      | Got a slimy quarterstaff
  7450 | D:7      | Found a shadowy altar of Dithmenos.
  7451 | D:7      | Found an iron altar of Okawaru.
  7475 | D:7      | Reached XP level 9. HP: 60/68 MP: 11/11
  7858 | D:7      | Reached skill level 9 in Long Blades
  7858 | D:7      | Reached skill level 1 in Stealth
  8062 | D:7      | Found a shimmering altar of Xom.
  8303 | D:8      | Noticed a death yak
  8305 | D:8      | Noticed a death yak
  8305 | D:8      | Found a staircase to the Lair.
  8321 | D:7      | HP: 24/69 [death yak (17)]
  8323 | D:7      | HP: 10/69 [death yak (9)]
  8330 | D:7      | Slain by a death yak

Skill      XL: |  1  2  3  4  5  6  7  8  9 |
---------------+----------------------------+-----
Long Blades    | 3 4 5 6 7 8 9 |  9.0
Fighting       | 3 4 5 |  5.8
Dodging        | 3 4 5 6 |  6.1
Invocations    | 2 3 4 |  4.1
Stealth        | 1 |  1.2
Armour         | |  0.7

Action                   |  1- 3 |  4- 6 |  7- 9 || total
-------------------------+-------+-------+-------++-------
Melee: Falchion          |   100 |   196 |   544 ||   840
       Bite              |    15 |    21 |    65 ||   101
Evoke: Wand              |       |       |     3 ||     3
  Use: Potion            |     8 |    19 |    25 ||    52
       Scroll            |       |     9 |     6 ||    15
 Stab: Distracted        |       |       |     1 ||     1
Armor: Leather armour    |    28 |    30 |   129 ||   187
Dodge: Dodged            |    78 |   134 |   310 ||   522
       Rpst.: Falchion   |    24 |    38 |    93 ||   155

Vault maps used:
D:1:      dpeg_arrival_erosion
D:2:      kiku_gazebo_pond_becter, kennysheep_slug_shrine, uniq_natasha
D:3:      wad_pebble_path, nicolae_overflow_crystal_walls, serial_corexii_hall,
          corexii_hall_statues_t, corexii_hall_statues_i, first_ration
D:4:      gup_sewer_entry_bowl, uniq_duvessa, uniq_grinder
D:5:      minmay_temple_entry_grid, kennysheep_windowed_goal, uniq_edmund
D:6:      serial_shops, nicolae_shop_crystal, uniq_blork_the_orc
D:7:      overflow_temple_1_default, grunt_temple_overflow_open
D:8:      dpeg_lair_monsters, uniq_erica, uniq_joseph, uniq_maurice, uniq_grum
Sewer:    sewer_sea
